 Dungeon Crawl Stone Soup version 0.30.1-4-g462c640d31 (webtiles) character file.

Game seed: 12886454828863384709

440 gay420 the Conjurer (level 6, -4/32 HPs)
             Began as a Deep Elf Conjurer on Aug 28, 2023.
             Slain by a kobold brigand
             ... wielding a +0 whip
              (8 damage)
             ... in a sewer.
             The game lasted 00:16:28 (5076 turns).

gay420 the Conjurer (Deep Elf Conjurer)             Turns: 5076, Time: 00:16:29

Health: -4/32      AC:  2    Str:  4    XL:     6   Next: 70%
Magic:  9/15       EV: 12    Int: 25    God:
Gold:   205        SH:  0    Dex: 13    Spells: 5/15 levels left

rFire   . . .        g - +0 dagger
rCold   . . .        (no shield)
rNeg    . . .        a - +0 robe
rPois   .            (no helmet)
rElec   .            (no cloak)
rCorr   .            (no gloves)
SInv    .            (no boots)
Will    .....        (no amulet)
Stlth   +            (no ring)
HPRegen 0.25/turn    (no ring)
MPRegen 0.14/turn

%: no passive effects
@: slowed, very slow
A: no striking features
a: no special abilities


You were in a sewer.
You visited 1 branch of the dungeon, and saw 4 of its levels.
You also visited: Sewer.

You collected 244 gold pieces.
You spent 39 gold pieces at shops.

Inventory:

Hand Weapons
 g - a +0 dagger (weapon)
Missiles
 l - 3 boomerangs
 m - 11 poisoned darts
 p - an atropa-tipped dart (quivered)
Armour
 a - a +0 robe (worn)
 e - a +0 buckler
Scrolls
 c - a scroll of vulnerability {unknown}
 d - a scroll of amnesia
 f - 2 scrolls of fog
 h - a scroll of immolation
 k - 4 scrolls of teleportation {unknown}
 q - a scroll of identify
Potions
 b - a potion of haste {unknown}
 j - a potion of curing
 n - 3 potions of brilliance
 o - a potion of cancellation
 r - a potion of mutation {unknown}
 s - a potion of flight {unknown}
 t - a potion of resistance {unknown}
 u - 2 potions of experience {unknown}


   Skills:
 + Level 0.5 Short Blades
 + Level 0.6 Throwing
 + Level 2.8 Dodging
 + Level 3.8 Stealth
 * Level 2.1 Shields
 + Level 5.1 Spellcasting
 + Level 6.4 Conjurations
 + Level 1.1 Translocations
 + Level 0.2 Air Magic


You had 5 spell levels left.
You knew the following spells:

 Your Spells              Type           Power      Damage    Failure   Level
a - Magic Dart            Conj           100%       1d8       1%          1
b - Searing Ray           Conj           76%        2d7       1%          2
c - Mephitic Cloud        Conj/Pois/Air  17%        N/A       10%         3
d - Iskenderun's Mystic   Conj/Tloc      25%        2d7       17%         4

Your spell library contained the following spells:

 Spells                   Type           Power      Damage    Failure   Level
 Dazzling Flash           Conj/Hex       44%        N/A       6%          3
 Slow                     Hex            24%        N/A       9%          1
 Call Imp                 Summ           12%        N/A       12%         2
 Fulminant Prism          Conj/Hex       11%        3d8       22%         4
 Confusing Touch          Hex            6%         N/A       24%         3
 Ozocubu's Armour         Ice            6%         N/A       24%         3
 Vampiric Draining        Necr           6%         2d6       24%         3
 Ozocubu's Refrigeration  Ice            3%         4d8       100%        7


Dungeon Overview and Level Annotations

Branches:
Dungeon (4/15)              Sewer (1/1)
 Temple: D:4-7

Altars:
Elyvilon
Makhleb
Trog

Shops:
D:3 (   D:4 =


Message History

You are poisoned.
You have difficulty breathing.
You feel as though you will be slow longer.
You enter the shallow water.
Moving in this stuff is going to be slow.
You feel very sick.
You feel very sick.
You feel very sick.
Throw: 2 darts (atropa)
Press: ? - help, Q - select action, (/) - cycle Shift-Dir - straight line, f - kobold brigand
Aim: a kobold brigand, wielding a +0 whip and quivering curare-tipped darts (47% to hit, chance to blind on hit: 58%)
You throw an atropa-tipped dart.
The atropa-tipped dart hits the kobold brigand.
The kobold brigand appears confused.
You feel sick.
Casting: Mephitic Cloud (quite dangerous; 10% risk of failure)
Confirm with . or Enter, or press ? or * to list all spells.
Aiming: Searing Ray (safe; 1% risk of failure)
Press: ? - help, Shift-Dir - straight line, f/p - kobold brigand
Aim: a kobold brigand, wielding a +0 whip and quivering curare-tipped darts (confused, blind, 91% to hit)
The searing ray hits the kobold brigand.
The kobold brigand is lightly wounded. (Press . to maintain the ray.)
You feel sick.
You are no longer poisoned.
The kobold brigand seems less confused.
The searing ray hits the kobold brigand!
The kobold brigand is heavily wounded.
The searing ray hits the kobold brigand!
The kobold brigand is moderately wounded.
The kobold brigand misses you.
The searing ray hits the kobold brigand!
The kobold brigand is severely wounded.
The searing ray hits the kobold brigand.
The kobold brigand is moderately wounded.
The kobold brigand is no longer blind.
The kobold brigand hits you with a +0 whip.
* * * LOW HITPOINT WARNING * * *
The kobold brigand hits you with a +0 whip!
You die...

.....P#### ..~~.~.~~~
.~.~.~~#~# #######§§§§~.#~#
KK~~~§KPP§§§~#~#
#########§PP~~.#~##
≈≈≈≈≈≈≈§§§P~~.~#~P
≈≈≈≈≈≈≈§§PK§~..#~#
≈≈≈≈≈≈~..§..~~.#@#
≈≈≈≈≈~P......~#K#########..
≈≈≈≈≈...~..~~.#K#~.#~#.PPP##
######PP....~.)(..~~#~#.~PPP#
≈≈≈≈≈.~.~~~........~#~#....P#
######..~~..~~~~~~..#~#~..~P#
≈≈≈≈≈~..~..~##~#~.~.#~#~...#
≈≈≈≈≈.~.~.####~##..~.~~.~~.#
≈≈≈≈≈~~~..# #~#####..~.~~##


You could see 2 kobold brigands.

Vanquished Creatures
  Grinder (D:3)
  An orc priest (D:2)
  3 adders
  3 gnolls (D:3)
  5 river rats
  An ufetubus (D:4)
  A worm (D:4)
  A dart slug (D:3)
  6 orcs
  5 bats
  11 endoplasms
  A giant cockroach (D:1)
  9 goblins
  13 hobgoblins
  7 jackals
  7 kobolds
  5 quokkas
  7 ball pythons
  2 frilled lizards
  8 rats
97 creatures vanquished.

Notes
Turn   | Place    | Note
-------+----------+-------------------------------------------
     0 | D:1      | gay420 the Deep Elf Conjurer began the quest for the Orb.
     0 | D:1      | Reached XP level 1. HP: 10/10 MP: 6/6
   218 | D:1      | Reached XP level 2. HP: 15/15 MP: 5/8
   465 | D:1      | Reached skill level 5 in Conjurations
   894 | D:1      | Reached XP level 3. HP: 19/19 MP: 7/9
  1164 | D:2      | Learned a level 2 spell: Searing Ray
  1450 | D:2      | Reached XP level 4. HP: 24/24 MP: 6/11
  1802 | D:2      | Learned a level 3 spell: Mephitic Cloud
  1867 | D:2      | Reached skill level 1 in Shields
  2538 | D:3      | Found a burning altar of Makhleb.
  2547 | D:3      | Found Poquth's Weapon Boutique.
  2554 | D:3      | Bought 5 poisoned darts for 39 gold pieces
  2630 | D:3      | Learned a level 4 spell: Iskenderun's Mystic Blast
  3033 | D:3      | Found a faded altar of an unknown god.
  3129 | D:3      | Noticed Grinder
  3148 | D:3      | Paralysed by Grinder for 5 turns
  3162 | D:3      | Killed Grinder
  3163 | D:3      | Reached skill level 6 in Conjurations
  3163 | D:3      | Reached XP level 5. HP: 17/28 MP: 7/14
  3163 | D:3      | Reached XP level 6. HP: 19/32 MP: 7/15
  3967 | D:4      | Found Vixygaxi's Jewellery Shoppe.
  4029 | D:4      | Reached skill level 5 in Spellcasting
  4121 | D:4      | Found a white marble altar of Elyvilon.
  4121 | D:4      | Found a bloodstained altar of Trog.
  4211 | D:4      | Found a glowing drain.
  4337 | Sewer    | Entered a sewer
  4897 | Sewer    | Reached skill level 1 in Translocations
  5076 | Sewer    | Slain by a kobold brigand

Illustrated notes

Levels and vault maps discovered:
D:1:      tarquinn_simple_flora_water_d, layout_basic, minivault_14,
          chequers_serial_rivers_marsh, grunt_decor_one_mirror
D:2:      layout_basic
D:3:      corexii_shack_village, layout_basic, lemuel_doored_altar,
          hellmonk_ecumenical_altar_heavens_door, serial_shops,
          nicolae_shop_bloodbath_and_beyond, uniq_grinder
D:4:      layout_basic, nicolae_hepliaklqana_ecumenical_no_more,
          jmf_multi_god_temple, serial_shops, shop, portal_sewer_entry_a,
          chequers_serial_rivers_micro_e, kennysheep_small_square,
          uniq_eustachio, uniq_duvessa
Sewer:    sewer_co_scattered_pipes

Skill      XL: |  1  2  3  4  5  6 |
---------------+-------------------+-----
Conjurations   | 5 6 |  6.4
Shields        | 2 |  2.1
Spellcasting   | 4 5 |  5.1
Stealth        | 3 |  3.8
Translocations | 1 |  1.1
Short Blades   | |  0.5
Throwing       | |  0.6
Dodging        | |  2.8
Air Magic      | |  0.2

Action                     |  1- 3 |  4- 6 || total
---------------------------+-------+-------++-------
  Melee: Dagger            |       |    19 ||    19
  Throw: Dart              |       |     9 ||     9
   Cast: Magic Dart        |    57 |    31 ||    88
         Searing Ray       |     1 |    37 ||    38
         Iskenderun's Myst |       |    10 ||    10
         Mephitic Cloud    |       |     2 ||     2
    Use: Scroll            |       |     6 ||     6
         Potion            |       |     8 ||     8
   Stab: Sleeping          |       |     5 ||     5
 Armour: Robe              |       |    10 ||    10
  Dodge: Dodged            |     1 |    36 ||    37
  Block: Buckler           |       |     1 ||     1
